 Dungeon Crawl Stone Soup version 0.26.1-11-gd32895ea62 (webtiles) character file.

Game seed: 10794483656709494966

2424 Almogavar the Thaumaturge (level 9, -7/46 HPs)
             Began as a Deep Elf Conjurer on May 28, 2021.
             Was a Believer of Sif Muna.
             Mangled by Joseph
             ... wielding a +0 quarterstaff
              (10 damage)
             ... on level 8 of the Dungeon.
             The game lasted 00:26:15 (8984 turns).

Almogavar the Thaumaturge (Deep Elf Conjurer)       Turns: 8984, Time: 00:26:16

Health: -7/46      AC:  6    Str:  4    XL:     9   Next: 24%
Magic:  22/25      EV: 18    Int: 27    God:    Sif Muna [**....]
Gold:   320        SH:  0    Dex: 13    Spells: 18/28 levels left

rFire    . . .     SeeInvis .   v - +1 hand axe of Bauruf Duna {venom, rPois}
rCold    . . .     Faith    .   (no shield)
rNeg     . . .     Spirit   .   a - +0 robe
rPois    +         Reflect  .   E - +1 helmet
rElec    .         Harm     .   F - +0 cloak
rCorr    .         Rampage  .   D - +0 pair of gloves
Will     .....                  (no boots)
Stlth    +++.......             h - amulet of the acrobat
HPRegen  0.15/turn              b - ring of wizardry
MPRegen  0.19/turn              z - +4 ring of evasion

@: mighty
A: no striking features
a: Renounce Religion, Channel Magic


You were on level 8 of the Dungeon.
You worshipped Sif Muna.
Sif Muna was pleased with you.
You visited 2 branches of the dungeon, and saw 9 of its levels.

You collected 320 gold pieces.

Inventory:

Hand Weapons
 v - the +1 hand axe of Bauruf Duna (weapon) {venom, rPois}
   (You found it on level 5 of the Dungeon)

   It poisons the flesh of those it strikes.
   It protects you from poison.
 A - a cursed -1 falchion
Armour
 a - a +0 robe (worn)
 g - a +1 ring mail of cold resistance
 k - a cursed +0 scale mail
 x - a +0 ring mail of fire resistance
 B - a scarf of shadows
 D - a +0 pair of gloves (worn)
 E - a +1 helmet (worn)
 F - a +0 cloak (worn)
 M - a +2 buckler
Jewellery
 b - a ring of wizardry (left hand)
 c - an uncursed ring of wizardry
 h - an amulet of the acrobat (around neck)
 n - an uncursed ring of willpower
 q - an uncursed ring of resist corrosion
 u - a +4 ring of protection
 z - a +4 ring of evasion (right hand)
 H - an uncursed ring of fire
Wands
 d - a wand of digging (4)
 f - a wand of iceblast (10)
 J - a wand of polymorph (13)
 K - a wand of paralysis (7)
Scrolls
 e - 3 scrolls of blinking
 l - 2 scrolls of fear
 m - a scroll of magic mapping
 p - a scroll of teleportation
 t - a scroll of immolation {unknown}
 y - 5 scrolls of remove curse
 L - a scroll of summoning {unknown}
Potions
 i - 2 potions of haste
 j - a potion of cancellation
 o - 3 potions of brilliance
 r - 2 potions of invisibility
 s - a potion of curing {unknown}
 w - a potion of attraction {unknown}
 C - a potion of might
 G - a potion of berserk rage {unknown}
 I - a potion of lignification {unknown}


   Skills:
 + Level 0.7 Fighting
 + Level 5.2 Dodging
 + Level 5.5 Stealth
 + Level 10.4 Spellcasting
 + Level 9.6 Conjurations
 + Level 1.0 Translocations


You had 18 spell levels left.
You knew the following spells:

 Your Spells              Type           Power        Failure   Level
a - Magic Dart            Conj           100%         1%          1
b - Searing Ray           Conj           100%         1%          2
c - Iskenderun's Mystic   Conj/Tloc      43%          1%          4
d - Dazzling Flash        Conj/Hex       80%          1%          3

Your spell library contained the following spells:

 Spells                   Type           Power        Failure   Level
 Animate Skeleton         Necr           28%          1%          1
 Apportation              Tloc           38%          1%          1
 Corona                   Hex            15%          1%          1
 Summon Small Mammal      Summ           56%          1%          1
 Fulminant Prism          Conj/Hex       20%          2%          4


Dungeon Overview and Level Annotations

Branches:
Dungeon (8/15)             Temple (1/1) D:4
   Lair: D:8-11

Altars:
Ashenzari
Cheibriados
Elyvilon
Fedhas
Hepliaklqana
Kikubaaqudgha
Makhleb
Nemelex Xobeh
Okawaru
Qazlal
Sif Muna
Trog
Uskayaw
Vehumet
Wu Jian
Yredelemnul
Zin
The Shining One

Shops:
D:5 ?   D:6 }

Annotations:
D:8 Joseph


Message History

Aim: Joseph, wielding a +5 hunting sling of freezing, wearing a +0 ring mail of fire resistance, quivering 18 sling bullets and carrying a wand of paralysis (6) (lightly wounded, 15% to evade)
The searing ray hits Joseph!
Joseph is moderately wounded. (Press . to maintain the ray.)
The searing ray hits Joseph!
Joseph is heavily wounded.
Joseph shoots a sling bullet.
The sling bullet hits you!!
* * * LOW HITPOINT WARNING * * *
The sling bullet freezes you!
* * * LOW HITPOINT WARNING * * *
It was a potion of might.
You feel very mighty all of a sudden.
You hit Joseph.
Joseph is poisoned.
Joseph is heavily wounded.
Joseph zaps a wand.
You easily resist.
You closely miss Joseph.
Joseph is severely wounded.
Joseph unwields a +5 hunting sling of freezing.
Joseph wields a +0 quarterstaff.
Joseph hits you with a +0 quarterstaff!
You die...

##(#.##..#
#(#.##..#
#.#.##..#
#.#.##..#
#.#.....#
#.####.###### #.#
#.....<#
#.####.###########
#....(...@@......
######.#####..#.#
.... # #.#.##
.....# ... #.#
##.# #.# #. #.#


You could see Joseph (very poisoned).

Vanquished Creatures
  Sigmund (D:3)
  Edmund (D:4)
  A sky beast (D:6)
  An orc warrior (D:7)
  2 black bears (D:6)
  3 ogres
  2 ice beasts
  A phantom (D:6)
  2 centaurs (D:6)
  A big kobold (D:7)
  3 bullfrogs (D:6)
  A scorpion (D:7)
  3 killer bees (D:7)
  A hound (D:4)
  Crazy Yiuf (D:5)
  A centaur skeleton (D:5)
  An iguana (D:6)
  Ijyb (D:4)
  4 orc wizards
  3 worker ants
  A hound zombie (D:5)
  2 hound skeletons
  8 adders
  7 gnolls
  3 white imps
  An ufetubus (D:7)
  An ooze (D:1)
  2 adder skeletons
  An adder zombie (D:7)
  2 worms
  A dart slug (D:1)
  4 leopard geckos
  23 orcs
  2 giant cockroaches
  7 goblins
  7 hobgoblins
  3 jackals (D:1)
  3 quokkas
  2 ball pythons
  6 bats
  4 frilled lizards
  17 kobolds
  A leopard gecko skeleton (D:5)
  A leopard gecko zombie (D:5)
  A quokka skeleton (D:5)
  A quokka zombie (D:5)
  11 rats
156 creatures vanquished.

Vanquished Creatures (others)
  7 plants (D:3)
7 creatures vanquished.

Grand Total: 163 creatures vanquished

Notes
Turn   | Place    | Note
-------+----------+-------------------------------------------
     0 | D:1      | Almogavar the Deep Elf Conjurer began the quest for the
                  | Orb.
     0 | D:1      | Reached XP level 1. HP: 10/10 MP: 6/6
   237 | D:1      | Reached XP level 2. HP: 10/15 MP: 2/8
   240 | D:1      | Learned a level 2 spell: Searing Ray
   447 | D:1      | Reached skill level 5 in Conjurations
   680 | D:1      | Reached XP level 3. HP: 19/19 MP: 6/9
  1826 | D:2      | Noticed an ogre
  1836 | D:2      | Killed an ogre
  1837 | D:2      | Reached skill level 4 in Spellcasting
  1837 | D:2      | Reached XP level 4. HP: 24/24 MP: 3/12
  1837 | D:2      | Reached XP level 5. HP: 28/28 MP: 3/13
  2483 | D:3      | Noticed Sigmund
  2800 | D:3      | Killed Sigmund
  2801 | D:3      | Reached skill level 5 in Spellcasting
  2801 | D:3      | Reached XP level 6. HP: 32/32 MP: 9/15
  3402 | D:4      | Noticed Ijyb
  3410 | D:4      | Killed Ijyb
  3528 | D:4      | Noticed Edmund
  3534 | D:4      | Killed Edmund
  3535 | D:4      | Reached skill level 6 in Spellcasting
  3535 | D:4      | Reached XP level 7. HP: 36/36 MP: 8/18
  3701 | D:4      | Found a staircase to the Ecumenical Temple.
  3718 | Temple   | Entered the Ecumenical Temple
  3828 | Temple   | Became a worshipper of Sif Muna the Loreminder
  3902 | D:4      | Learned a level 4 spell: Iskenderun's Mystic Blast
  4034 | D:4      | Found an iron altar of Okawaru.
  4347 | D:5      | Entered Level 5 of the Dungeon
  4854 | D:5      | Got a bloodstained hand axe
  4856 | D:5      | Identified the cursed +1 hand axe of Bauruf Duna {venom,
                  | rPois} (You found it on level 5 of the Dungeon)
  4862 | D:5      | Learned a level 3 spell: Dazzling Flash
  4907 | D:5      | Reached skill level 7 in Spellcasting
  5420 | D:5      | Found Tedaaweo's Magic Scroll Boutique.
  5683 | D:5      | Reached * piety under Sif Muna
  5686 | D:5      | Reached skill level 5 in Stealth
  5945 | D:5      | Found a runed translucent door.
  5946 | D:5      | Noticed Crazy Yiuf
  6129 | D:5      | Killed Crazy Yiuf
  6130 | D:5      | Reached XP level 8. HP: 42/42 MP: 16/21
  6201 | D:6      | Reached skill level 8 in Spellcasting
  6639 | D:6      | Reached skill level 9 in Spellcasting
  6827 | D:6      | Reached skill level 5 in Dodging
  6875 | D:6      | Found Xugri's Gadget Shop.
  7092 | D:6      | Reached skill level 1 in Translocations
  7194 | D:6      | Found a glowing silver altar of Zin.
  7600 | D:7      | Reached ** piety under Sif Muna
  7632 | D:7      | Reached XP level 9. HP: 46/46 MP: 14/24
  8070 | D:7      | Reached skill level 10 in Spellcasting
  8460 | D:7      | Found a shimmering blue altar of Sif Muna.
  8970 | D:8      | Noticed Joseph
  8975 | D:8      | Paralysed by Joseph for 4 turns
  8984 | D:8      | Mangled by Joseph

Illustrated notes

Levels and vault maps discovered:
D:1:      minmay_arrival_shoal_huts, layout_basic, nrook_mini_vaults,
          st_stairs_7, amcnicky_mini_pool_small
D:2:      minmay_chambers_of_ones, layout_basic, nrook_mini_backslash
D:3:      layout_rooms, serial_bayou_ford_a, kennysheep_pointless_box,
          uniq_sigmund
D:4:      layout_basic, minmay_temple_entry_large_hall, okawaru_gym_becter,
          uniq_ijyb, uniq_edmund
D:5:      layout_cave_pools, serial_shops, shop_statue, uniq_crazy_yiuf_cottage
D:6:      layout_basic, kennysheep_mini, serial_shops, nicolae_shop_statue_plus
D:7:      kennysheep_orc_sif_temple, layout_loops_corners
D:8:      layout_basic, centaur_isle, uniq_joseph
Temple:   minmay_crystal_snake_temple

Skill      XL: |  1  2  3  4  5  6  7  8  9 |
---------------+----------------------------+-----
Conjurations   | 5 6 7 9 |  9.6
Stealth        | 3 4 5 |  5.5
Spellcasting   | 4 5 6 7 9 10 | 10.4
Dodging        | 3 5 |  5.2
Translocations | 1 |  1.0
Fighting       | |  0.7

Action                   |  1- 3 |  4- 6 |  7- 9 || total
-------------------------+-------+-------+-------++-------
Melee: Hand axe          |       |       |     2 ||     2
 Cast: Magic Dart        |    64 |    42 |    73 ||   179
       Searing Ray       |     6 |    11 |    68 ||    85
       Iskenderun's Myst |       |       |     8 ||     8
       Dazzling Flash    |       |       |     1 ||     1
  Use: Scroll            |     1 |     3 |     7 ||    11
       Potion            |       |       |     1 ||     1
Armor: Robe              |     1 |       |     4 ||     5
Dodge: Dodged            |    10 |     7 |    75 ||    92
